 Dungeon Crawl Stone Soup version 0.30-a0-475-g03497ec522 (webtiles) character file.

Game seed: 18046162604786019873

316 whiskeysaurus the Ducker (level 6, -10/42 HPs)
             Began as a Djinni Fire Elementalist on Dec 21, 2022.
             Was a Follower of Makhleb.
             Killed by an exploding gnoll (11 damage)
             ... ignited by their inner flame
             ... on level 5 of the Dungeon.
             The game lasted 00:09:20 (3528 turns).

whiskeysaurus the Ducker (Djinni Fire Elementalist) Turns: 3528, Time: 00:09:23

Health: -10/42     AC:  2    Str:  7    XL:     6   Next: 73%
Gold:   323        EV: 13    Int: 19    God:    Makhleb [*.....] SH:  0 Dex: 13

rFire   + + .      SeeInvis .    (no weapon)
rCold   . . .      Faith    .    (no shield)
rNeg    . . .      Spirit   .    a - +0 robe
rPois   ∞          Reflect  .    (no helmet)
rElec   .          Harm     .    (no cloak)
rCorr   .          Rampage  .    (no gloves)
Will    .....                    (boots unavailable)
Stlth   ++........               (no amulet)
HPRegen 0.27/turn                t - ring of protection from cold
MPRegen 0.00/turn                (no ring)

@: flying
A: sickness immunity, fire resistance 2, cold vulnerability 1, float, innate
caster, HP casting, extra vitality 1
a: Renounce Religion


You were on level 5 of the Dungeon.
You worshipped Makhleb.
Makhleb was aware of your devotion.
You visited 1 branch of the dungeon, and saw 5 of its levels.

You collected 323 gold pieces.

Inventory:

Missiles
 n - a throwing net
Armour
 a - a +0 robe (worn)
Jewellery
 t - a ring of protection from cold (left hand)
Scrolls
 h - a scroll of vulnerability
 i - a scroll of fear {unknown}
 k - a scroll of immolation {unknown}
 l - 3 scrolls of teleportation
 m - a scroll of poison {unknown}
 o - a scroll of amnesia {unknown}
 p - a scroll of butterflies {unknown}
 r - a scroll of enchant weapon {unknown}
 u - a scroll of brand weapon {unknown}
Potions
 b - 2 potions of degeneration
 c - 2 potions of curing
 d - 2 potions of heal wounds
 e - 2 potions of ambrosia {unknown}
 f - 2 potions of lignification
 g - a potion of haste {unknown}
 j - a potion of brilliance {unknown}
 q - a potion of attraction {unknown}
 s - a potion of might {unknown}
 v - a potion of berserk rage {unknown}


   Skills:
 + Level 1.5 Fighting
 + Level 4.3 Dodging
 + Level 3.5 Stealth
 + Level 3.5 Spellcasting


You couldn't memorise any spells.
You knew the following spells:

 Your Spells              Type           Power      Damage    Failure   Level
a - Foxfire               Conj/Fire      64%        2x1d7     3%          1
b - Scorch                Fire           32%        2d7       4%          2
c - Kindle Blastsparks    Fire/Tloc/Air  32%        2d12      10%         3
d - Inner Flame           Hex/Fire       16%        N/A       10%         3
e - Flame Wave            Conj/Fire      16%        2d7       32%         4
f - Summon Small Mammal   Summ           64%        N/A       3%          1
g - Static Discharge      Conj/Air       32%        2-4/arc   4%          2
Your spell library was empty.

Dungeon Overview and Level Annotations

Branches:
Dungeon (5/15)
 Temple: D:4-7

Altars:
Makhleb

Shops:
D:4 [


Innate Abilities, Weirdness & Mutations

You are immune to sickness and miasma.
You are immune to poison.
Your flesh is very heat resistant. (rF++)
You are vulnerable to cold. (rC-)
You float through the air rather than walking.
You learn spells naturally, not from books.
Your magical power is your life essence.
You have superior vitality. (+4 MHP)


Message History

Aiming: Inner Flame (dangerous; 10% risk of failure)
Press: ? - help, Dir - move target, f/p - gnoll
Aim: a gnoll, wielding a +0 club (severely wounded, covering ground quickly, more vulnerable to fire, chance to affect: 78%)
The gnoll is filled with an inner flame.
The gnoll hits you with a +0 flail.
* * * LOW HITPOINT WARNING * * *
The gnoll bouda barely misses you. The gnoll hits you with a +0 club.
* * * LOW HITPOINT WARNING * * *
Casting: Inner Flame (dangerous; 10% risk of failure)
Confirm with . or Enter, or press ? or * to list all spells.
The gnoll is struck by an arc of lightning.
Flame seeps out of the gnoll.
The gnoll is almost dead.
The gnoll bouda is struck by an arc of lightning.
The gnoll bouda is lightly wounded.
You are struck by an arc of lightning.
* * * LOW HITPOINT WARNING * * *
The lightning grounds out.
The gnoll bouda is struck by an arc of lightning.
The gnoll bouda is moderately wounded.
The gnoll is struck by an arc of lightning.
The gnoll is moderately wounded.
The gnoll is struck by an arc of lightning.
Makhleb accepts your kill.
You feel better.
You are struck by an arc of lightning.
* * * LOW HITPOINT WARNING * * *
The lightning grounds out.
* * * LOW HITPOINT WARNING * * *
The gnoll explodes!
The fiery explosion engulfs the gnoll!!
You kill the gnoll!
Makhleb accepts your kill.
The fiery explosion engulfs the gnoll!!
You kill the gnoll!
Makhleb accepts your kill.
The fiery explosion engulfs the gnoll bouda!!!
You kill the gnoll bouda!
Makhleb accepts your kill. The fiery explosion engulfs you! You resist.
You die...

....≈≈........#.#...
≈..≈..≈≈..≈≈#.#.#...
##≈≈≈.....≈≈....#...
....................
#######.####........
.
######.####....#...
...
#§§.......########.
.....##○§.......# #.
.....)§)@.......# #.
.....############ #.
... #. . #. ##.
####.. ......
...####.. .......<.


There were no monsters in sight!

Vanquished Creatures
  2 gnoll boudas
  2 orc priests (D:4)
  Jessica (D:3)
  Natasha (twice) (D:3)
  7 gnolls
  4 adders
  An ufetubus (D:4)
  2 worms (D:4)
  2 dart slugs
  5 orcs
  3 bats
  5 endoplasms
  4 giant cockroaches
  6 goblins
  5 hobgoblins
  4 jackals (D:2)
  6 kobolds
  A quokka (D:1)
  2 ball pythons (D:1)
  4 rats
68 creatures vanquished.

Vanquished Creatures (collateral kills)
  A goblin (D:2)
  A foxfire (D:3)
2 creatures vanquished.

Vanquished Creatures (others)
  349 foxfires
  2 plants (D:3)
351 creatures vanquished.

Grand Total: 421 creatures vanquished

Notes
Turn   | Place    | Note
-------+----------+-------------------------------------------
     0 | D:1      | whiskeysaurus the Djinni Fire Elementalist began the quest
                  | for the Orb.
     0 | D:1      | whiskeysaurus set off with the following spells memorised:
                  | Foxfire, Scorch, Kindle Blastsparks, Inner Flame, Flame
                  | Wave.
     0 | D:1      | Reached XP level 1. HP: 15/15 MP: 0/0
   342 | D:1      | Reached XP level 2. HP: 17/21 MP: 0/0
   911 | D:1      | Reached XP level 3. HP: 23/25 MP: 0/0
   911 | D:1      | Learned a level 1 spell: Summon Small Mammal
  1210 | D:2      | Found a burning altar of Makhleb.
  1246 | D:2      | Became a worshipper of Makhleb the Destroyer
  1364 | D:2      | Reached skill level 3 in Dodging
  1646 | D:2      | Reached XP level 4. HP: 29/31 MP: 0/0
  1950 | D:3      | Noticed Natasha
  1957 | D:3      | Killed Natasha
  2082 | D:3      | Noticed Jessica
  2083 | D:3      | Killed Jessica
  2083 | D:3      | Reached * piety under Makhleb
  2084 | D:3      | Reached XP level 5. HP: 33/35 MP: 0/0
  2084 | D:3      | Learned a level 2 spell: Static Discharge
  2202 | D:3      | Noticed Natasha
  2206 | D:3      | Killed Natasha
  2678 | D:4      | Found Iddyb's Armour Shop.
  2724 | D:4      | Reached XP level 6. HP: 23/41 MP: 0/0
  2798 | D:4      | Reached skill level 1 in Fighting
  2798 | D:4      | Reached skill level 4 in Dodging
  3438 | D:5      | Entered Level 5 of the Dungeon
  3528 | D:5      | HP: 1/42 [/static electricity (3)]
  3528 | D:5      | Killed by an exploding gnoll... ignited by their inner
                  | flame

Illustrated notes

Levels and vault maps discovered:
D:1:      lightli_arrival_maybe_door_vault, layout_loops_corners
D:2:      layout_rooms, basic_altar, serial_corexii_hall,
          chequers_hall_statues_wall_a, corexii_hall_statues_x
D:3:      layout_rooms, serial_forest, infiniplex_forest_straight_3,
          infiniplex_forest_join, infiniplex_forest_clump_tiny,
          infiniplex_forest_clump_medium, infiniplex_forest_clump_tiny,
          infiniplex_forest_lined_ring, infiniplex_forest_lined_room_2,
          mrwooster_statue_mirror, uniq_jessica, uniq_natasha
D:4:      layout_rooms, mainiacjoe_overflow_concentric_impassable,
          nicolae_stop_n_shop_2, kennysheep_orc_chapel
D:5:      layout_basic, nicolae_uskayaw_suspiria, kennysheep_mini

Skill      XL: |  1  2  3  4  5  6 |
---------------+-------------------+-----
Stealth        | 2 3 |  3.5
Dodging        | 3 4 |  4.3
Spellcasting   | 3 |  3.5
Fighting       | 1 |  1.5

Action                   |  1- 3 |  4- 6 || total
-------------------------+-------+-------++-------
Melee: Unarmed           |     7 |       ||     7
 Cast: Foxfire           |   107 |   112 ||   219
       Summon Small Mamm |    11 |     1 ||    12
       Scorch            |     1 |    19 ||    20
       Inner Flame       |       |     4 ||     4
       Static Discharge  |       |     3 ||     3
  Use: Scroll            |       |     6 ||     6
Armor: Robe              |     8 |     3 ||    11
Dodge: Dodged            |    12 |    10 ||    22

Table legend: (Time is in decaauts)
 A = Elapsed time spent in this place.
 B = Non-inter-level travel time spent in this place.
 C = Inter-level travel time spent in this place.
 D = Time resting spent in this place.
 E = Time spent auto-exploring this place.
 F = Levels seen in this place.
 G = Mean time per level.
                   A        B        C        D        E       F      G
               +--------+--------+--------+--------+--------+-----+--------+
         Total |   3526 |   3431 |     95 |      0 |   2940 |   5 |  705.2 |
       Dungeon |   3526 |   3431 |     95 |      0 |   2940 |   5 |  705.2 |
               +--------+--------+--------+--------+--------+-----+--------+

Top non-repeatable levels by time:
     D:1: 1210 daAuts
     D:3: 891 daAuts
     D:4: 808 daAuts
     D:2: 526 daAuts
     D:5: 89 daAuts
